cohdb
Replays
Latest Replays
All Replays
Popular Replays
Top Player Replays
Match Explorer
How It Works
Community
CoH3 Stats
Reddit
Sign in to upload your games and track your stats! →
Sign in with Steam
Match 44449463
Unlisted
Match 44449463
Overview
Messages
Build Orders
End
Kettenkrad Recon Vehicle
Construct Infanterie Kompanie
Selects Mechanized Battlegroup
MG 42 Machine Gun Team
Grenadier Squad
GrW 34 Mortar Team
Grenadier Squad
Construct Panzergrenadier Kompanie
251 Medium Carrier
Selects Spotting Scopes
MG 42 Bunker
Pak 40 Anti-tank Gun Team
251 Medium Carrier
Support Elements
GrW 34 Mortar Team
Nebelwerfer 42 Rocket Launcher Team
StuG III G Assault Gun
AI Takeover
白衣梅子煮酒
Triple7
DThalle
nickcakep38
Serial Chiller
my疲老板
HolocaustJocks
Porto168
0
0
Comments
sign in to comment!
No comments posted yet!